 Dungeon Crawl Stone Soup version 0.28-a0-612-gcfc00ec14d (webtiles) character file.

Game seed: 10120799380067779261

137 meatgazer the Skirmisher (level 5, 0/42 HPs)
             Began as a Draconian Abyssal Knight on Oct 5, 2021.
             Was a Follower of Lugonu.
             Frozen to death by an endoplasm (1 damage)
             ... on level 3 of the Dungeon.
             The game lasted 00:04:35 (3210 turns).

meatgazer the Skirmisher (Draconian Abyssal Knight) Turns: 3210, Time: 00:04:37

Health: 0/42       AC:  5    Str: 17    XL:     5   Next: 0%
Magic:  7/7        EV: 12    Int: 16    God:    Lugonu [*.....]
Gold:   145        SH:  0    Dex: 11    Spells: 4/4 levels left

rFire   + . .      SeeInvis .   a - +1 spear
rCold   . . .      Faith    .   (no shield)
rNeg    . . .      Spirit   .   (armour unavailable)
rPois   .          Reflect  .   (helmet restricted)
rElec   .          Harm     .   (no cloak)
rCorr   .          Rampage  .   (no gloves)
Will    .....                   (no boots)
Stlth   +.........              (no amulet)
HPRegen 0.14/turn               c - +6 ring of intelligence
MPRegen 0.10/turn               (no ring)

@: slowed, very slow
A: AC +5, unfitting armour, cold-blooded, fire resistance 1, frail 1, MP-powered
wands
a: Renounce Religion, Depart the Abyss


You were on level 3 of the Dungeon.
You worshipped Lugonu.
Lugonu was aware of your devotion.
You visited 1 branch of the dungeon, and saw 3 of its levels.
You visited the Abyss 1 time.

You collected 145 gold pieces.

Inventory:

Hand Weapons
 a - a +1 spear (weapon)
Jewellery
 c - a +6 ring of intelligence (left hand)
Scrolls
 f - a scroll of blinking
Potions
 d - 3 potions of curing


   Skills:
 + Level 4.6 Fighting
 + Level 3.2 Polearms
 - Level 2.3 Dodging
 + Level 3.3 Invocations


You had 4 spell levels left.
You didn't know any spells.
Your spell library contained the following spells:

 Spells                   Type           Power      Damage    Failure   Level
 Foxfire                  Conj/Fire      0%         2x1d4     26%         1
 Conjure Flame            Conj/Fire      0%         6-21      58%         3
 Inner Flame              Hex/Fire       0%         N/A       58%         3
 Ozocubu's Armour         Ice            0%         N/A       58%         3
 Flame Wave               Conj/Fire      0%         3d3       94%         4
 Ozocubu's Refrigeration  Ice            0%         4d5       100%        7


Dungeon Overview and Level Annotations

Branches:
Dungeon (3/15)

Altars:
Fedhas

Shops:
D:1 [=


Innate Abilities, Weirdness & Mutations

Your plain brown scales are hard. (AC +5)
You cannot fit into any form of body armour.
You are cold-blooded and may be slowed by cold attacks.
Your flesh is heat resistant. (rF+)
You are frail. (-10% HP)
You expend magic power (3 MP) to strengthen your wands.


Message History

You reach to attack!
You closely miss the white imp.
You feel sick. The white imp gestures at you. The puff of frost hits you.
You are too injured to fight recklessly!
You are too injured to fight recklessly!
You are too injured to fight recklessly!
You are too injured to fight recklessly!
You barely miss the bat. You tail-slap the bat.
The bat is heavily wounded.
You feel sick. The bat closely misses you.
You feel sick.
You are no longer poisoned.
The bat completely misses you. The white imp gestures at you.
The puff of frost hits you!
* * * LOW HITPOINT WARNING * * *
Okay, then.
You barely miss the white imp. The bat barely misses you.
The endoplasm freezes you.
You are frozen.
* * * LOW HITPOINT WARNING * * *
You feel yourself slow down.
You hit the white imp.
The white imp is moderately wounded.
The bat misses you. The white imp gestures at you.
The puff of frost misses you.
The endoplasm hits you but does no damage.
The white imp hits you.
* * * LOW HITPOINT WARNING * * *
The white imp freezes you.
You feel as though you will be slow longer.
* * * LOW HITPOINT WARNING * * *
You barely miss the white imp.
You tail-slap the white imp, but do no damage.
The white imp is lightly wounded.
The bat hits you but does no damage. The endoplasm freezes you.
You are frozen.
You die...

#.)).......#####..≈≈§≈≈.≈
#......######...#.≈......
#...####....#.....≈.≈.≈≈≈
............#.....≈.≈...§
....(....).)......≈.≈._.§
........<..#......≈.§...§
###+#......#......≈.≈§≈≈§
..........'...J..≈......
...##....##...b@5≈≈≈≈≈≈≈
..........###'#..........
.........## #'#..........
.......### ........#....
..... .........#....
........... ...
........... ..
.............


You could see a white imp, an endoplasm and a bat.

Vanquished Creatures
  2 orc priests (D:3)
  2 adders
  A worm (D:3)
  A dart slug (D:2)
  7 orcs
  A ball python (D:2)
  4 endoplasms
  2 giant cockroaches
  5 goblins
  3 hobgoblins (D:1)
  2 quokkas (D:1)
  4 bats
  3 frilled lizards
  9 kobolds
  5 rats
51 creatures vanquished.

Vanquished Creatures (others)
  2 plants (D:1)
2 creatures vanquished.

Grand Total: 53 creatures vanquished

Notes
Turn   | Place    | Note
-------+----------+-------------------------------------------
     0 | Abyss:1  | meatgazer the Draconian Abyssal Knight began the quest for
                  | the Orb.
     0 | Abyss:1  | Reached XP level 1. HP: 19/19 MP: 2/2
   122 | Abyss:3  | Noticed a large abomination
   123 | Abyss:3  | Noticed a small abomination
   139 | Abyss:3  | Noticed a wretched star
   140 | D:1      | Escaped the Abyss
   673 | D:1      | Reached XP level 2. HP: 27/27 MP: 3/3
   745 | D:1      | Found Balarghurewn's Jewellery Shop.
   800 | D:1      | Found Adelipas's Armour Emporium.
   835 | D:1      | Reached * piety under Lugonu
  1755 | D:2      | Reached skill level 4 in Fighting
  1755 | D:2      | Reached XP level 3. HP: 27/33 MP: 4/4
  1989 | D:2      | Found a faded altar of an unknown god.
  2304 | D:2      | Gained mutation: Your flesh is heat resistant. (rF+)
                  | [potion of mutation]
  2304 | D:2      | Gained mutation: You are frail. (-10% HP) [potion of
                  | mutation]
  2304 | D:2      | Gained mutation: You expend magic power (3 MP) to
                  | strengthen your wands. [potion of mutation]
  2682 | D:3      | Reached XP level 4. HP: 27/36 MP: 6/6
  3190 | D:3      | Found a blossoming altar of Fedhas.
  3205 | D:3      | Reached XP level 5. HP: 27/42 MP: 7/7
  3209 | D:3      | HP: 1/42 [white imp (5)]
  3210 | D:3      | Frozen to death by an endoplasm

Illustrated notes

Levels and vault maps discovered:
D:1:      wander_arrival_fairy_ring, layout_basic, serial_shops,
          nicolae_shop_window_shopping, shop
D:2:      layout_loops_ring, hellmonk_ecumenical_altar_lost_god
D:3:      layout_basic, mainiacjoe_overflow_concentric_impassable,
          advil_vaults_ghost_lines

Skill      XL: |  1  2  3  4 |
---------------+-------------+-----
Fighting       | 4 |  4.6
Polearms       | 3 |  3.2
Invocations    | 3 |  3.3
Dodging        | |  2.3

Action                   |  1- 3 |  4- 6 || total
-------------------------+-------+-------++-------
Melee: Spear             |   156 |    49 ||   205
       Tailslap          |    12 |     7 ||    19
Invok: Depart the Abyss  |     1 |       ||     1
  Use: Scroll            |     5 |       ||     5
       Potion            |     2 |       ||     2
Armor: Skin              |    29 |    13 ||    42
Dodge: Dodged            |    74 |    30 ||   104

Table legend: (Time is in decaauts)
 A = Elapsed time spent in this place.
 B = Non-inter-level travel time spent in this place.
 C = Inter-level travel time spent in this place.
 D = Time resting spent in this place.
 E = Time spent auto-exploring this place.
 F = Levels seen in this place.
 G = Mean time per level.
                   A        B        C        D        E       F      G
               +--------+--------+--------+--------+--------+-----+--------+
         Total |   3205 |   3086 |    119 |    730 |   1954 |   6 |  534.2 |
       Dungeon |   3066 |   2947 |    119 |    730 |   1857 |   3 | 1022.0 |
         Abyss |    139 |    139 |      0 |      0 |     97 |   3 |   46.3 |
               +--------+--------+--------+--------+--------+-----+--------+

Top non-repeatable levels by time:
     D:2: 1498 daAuts
     D:1: 1372 daAuts
     D:3: 194 daAuts
 Abyss:3: 65 daAuts
 Abyss:1: 65 daAuts
 Abyss:2: 8 daAuts
